 Dungeon Crawl Stone Soup version 0.27-a0-1182-gee19b5822f (webtiles) character file.

Game seed: 11002010404086449037

96208 Froggeryz the Severer (level 15, -7/116 HPs)
             Began as a Demonspawn Chaos Knight on May 18, 2021.
             Was the Champion of Okawaru.
             Mangled by a vampire (11 damage)
             ... on level 13 of the Dungeon.
             The game lasted 00:37:36 (22427 turns).

Froggeryz the Severer (Demonspawn Chaos Knight)    Turns: 22427, Time: 00:37:37

Health: -7/116     AC: 19    Str: 24    XL:     15   Next: 68%
Magic:  0/24       EV:  9    Int: 17    God:    Okawaru [******]
Gold:   2997       SH: 11    Dex: 14    Spells: 12/14 levels left

rFire    + + +     SeeInvis .   J - +2 demon blade (flame)
rCold    + . .     Faith    .   B - +0 buckler
rNeg     . . .     Spirit   +   s - +0 storm dragon scales of Immorality {rElec Will+ Str+8}
rPois    +         Reflect  +   (helmet restricted)
rElec    +         Harm     .   y - +0 cloak
rCorr    .         Rampage  .   M - +2 pair of gloves
Will     ++++.                  (no boots)
Stlth    ..........             R - amulet "Zymur" {Reflect rF+ rC+ Regen+ SH+5}
HPRegen  2.29/turn              p - ring of poison resistance
MPRegen  0.38/turn              o - ring of willpower

@: no status effects
A: horns 1, demonic guardian 3, magic shield, magic regeneration, magic link,
big brain 2, talons 2, deterioration 1, fire resistance 2, strong-willed 1,
regeneration 1, weak 1
a: Renounce Religion, Heroism, Finesse


You were on level 13 of the Dungeon.
You worshipped Okawaru.
Okawaru was exalted by your worship.
You visited 4 branches of the dungeon, and saw 24 of its levels.
You also visited: Bailey, Gauntlet, Ice Cave and Volcano.

You collected 4142 gold pieces.
You spent 1145 gold pieces at shops.

Inventory:

Hand Weapons
 F - a +1 broad axe of venom
 H - the +8 Wrath of Trog {antimagic, *Rage}
   (Okawaru gifted it to you in a volcano)

   It reduces the magical energy of the wielder, and disrupts the spells and
   magical abilities of those hit.
   Natural abilities and divine invocations are not affected.
   It may make you go berserk in combat.
 J - a +2 demon blade of flaming (weapon)
 W - the +6 broad axe of Onkatrag {protect, rPois rCorr Int-2 Stlth-}
   (Okawaru gifted it to you on level 4 of the Lair of Beasts)

   It grants its wielder temporary protection when it strikes (+7 to AC).
   It affects your intelligence (-2).
   It protects you from poison.
   It protects you from acid and corrosion.
   It makes you less stealthy.
Missiles
 f - 11 silver javelins
 q - 65 poisoned darts (quivered)
 A - 10 curare-tipped darts
 C - 16 javelins
Armour
 e - a +0 kite shield
 s - the +0 storm dragon scales of Immorality (worn) {rElec Will+ Str+8}
   (Xom gifted it to you on level 4 of the Dungeon)

   It affects your strength (+8).
   It insulates you from electricity.
   It increases your willpower.
 y - a +0 cloak (worn)
 B - a +0 buckler (worn)
 M - a +2 pair of gloves (worn)
Jewellery
 o - a ring of willpower (right hand)
 p - a ring of poison resistance (left hand)
 r - a ring of protection from fire
 x - a ring of see invisible
 E - an amulet of regeneration
 Q - the ring of Psychosis {rC+ rCorr Int+6}
   (You found it on level 13 of the Dungeon)

   [ring of intelligence]

   It affects your intelligence (+6).
   It protects you from cold.
   It protects you from acid and corrosion.
 R - the amulet "Zymur" (around neck) {Reflect rF+ rC+ Regen+ SH+5}
   (You found it in an ice cave)

   [amulet of reflection]

   It reflects blocked missile attacks.
   It protects you from fire.
   It protects you from cold.
   It increases your rate of health regeneration.
   It affects your SH (+5).
 T - a ring of protection from fire
Wands
 d - a wand of flame (44)
 j - a wand of polymorph (27)
 m - a wand of mindburst (6)
 Z - a wand of acid (8)
Scrolls
 h - 3 scrolls of blinking
 i - 3 scrolls of magic mapping
 n - 2 scrolls of enchant armour
 t - a scroll of immolation
 u - 9 scrolls of teleportation
 G - a scroll of enchant weapon
 I - 7 scrolls of identify
 L - a scroll of fog
 O - a scroll of silence
 U - 2 scrolls of fear
 V - a scroll of brand weapon
Potions
 a - a potion of ambrosia {unknown}
 b - 6 potions of attraction
 c - 2 potions of magic
 g - 7 potions of curing
 k - 2 potions of flight
 l - 2 potions of cancellation {unknown}
 v - 3 potions of resistance {unknown}
 w - 4 potions of berserk rage
 z - 5 potions of might
 D - 2 potions of invisibility
 K - 3 potions of lignification {unknown}
 N - a potion of brilliance
 P - 2 potions of mutation
 X - 3 potions of haste
 Y - a potion of heal wounds


   Skills:
 - Level 10.3 Fighting
 - Level 18.1 Axes
 + Level 9.6 Armour
 - Level 0.8 Dodging
 * Level 9.3 Shields
 - Level 12.2 Invocations


You had 12 spell levels left.
You knew the following spells:

 Your Spells              Type           Power      Damage    Failure   Level
a - Blink                 Tloc           N/A        N/A       88%         2

Your spell library contained the following spells:

 Spells                   Type           Power      Damage    Failure   Level
 Corona                   Hex            0%         N/A       77%         1
 Magic Dart               Conj           0%         1d3       77%         1
 Shock                    Conj/Air       0%         1d3       77%         1
 Summon Small Mammal      Summ           0%         N/A       77%         1
 Call Imp                 Summ           0%         N/A       88%         2
 Ensorcelled Hibernation  Hex/Ice        0%         N/A       88%         2
 Searing Ray              Conj           0%         3d3       88%         2
 Slow                     Hex            0%         N/A       88%         2
 Static Discharge         Conj/Air       0%         N/A       88%         2
 Call Canine Familiar     Summ           0%         N/A       98%         3
 Confusing Touch          Hex            0%         N/A       98%         3
 Conjure Flame            Conj/Fire      0%         6-21      98%         3
 Dazzling Flash           Conj/Hex       0%         N/A       98%         3
 Inner Flame              Hex/Fire       0%         N/A       98%         3
 Mephitic Cloud           Conj/Pois/Air  0%         N/A       98%         3
 Portal Projectile        Hex/Tloc       0%         N/A       98%         3
 Summon Guardian Golem    Hex/Summ       0%         N/A       98%         3
 Swiftness                Air            0%         N/A       98%         3
 Tukima's Dance           Hex            0%         N/A       98%         3
 Airstrike                Air            0%         N/A       100%        4
 Cause Fear               Hex            0%         N/A       100%        4
 Fulminant Prism          Conj/Hex       0%         3d6       100%        4
 Iskenderun's Mystic Bla  Conj/Tloc      0%         2d3       100%        4
 Leda's Liquefaction      Hex/Erth       0%         N/A       100%        4
 Agony                    Necr           0%         N/A       100%        5
 Bolt of Magma            Conj/Fire/Erth 0%         4d4       100%        5
 Excruciating Wounds      Necr           0%         N/A       100%        5
 Iskenderun's Battlesphe  Conj           0%         2d6       100%        5
 Lightning Bolt           Conj/Air       0%         1d11      100%        5
 Summon Forest            Summ/Tloc      0%         N/A       100%        5
 Death Channel            Necr           0%         N/A       100%        6
 Iron Shot                Conj/Erth      0%         9d1       100%        6
 Shadow Creatures         Summ           N/A        N/A       100%        6
 Orb of Destruction       Conj           0%         N/A       100%        7
 Spellforged Servitor     Conj/Summ      0%         N/A       100%        7


Dungeon Overview and Level Annotations

Branches:
Dungeon (15/15)            Temple (1/1) D:7            Lair (6/6) D:11
  Swamp (0/4) Lair:2       Spider (0/4) Lair:3        Slime (0/5) Lair:6
    Orc (2/2) D:9             Elf (0/3) Orc:2        Bailey (visited)
  IceCv (visited)         Volcano (visited)         Gauntlet (visited)
 Vaults: D:13-14     Depths: D:15

Altars:
Ashenzari
Cheibriados
Dithmenos
Elyvilon
Fedhas
Gozag
Hepliaklqana
Kikubaaqudgha
Makhleb
Nemelex Xobeh
Okawaru
Qazlal
Ru
Sif Muna
Trog
Uskayaw
Vehumet
Wu Jian
Xom
Yredelemnul
Zin
The Shining One

Shops:
D:3 (   Orc:2 !([*

Portals:
Hell: Lair:6


Innate Abilities, Weirdness & Mutations

You have a pair of small horns on your head.
A powerful demonic guardian rushes to your aid.
When hurt, damage is shared between your health and your magic reserves.
You regenerate magic rapidly.
When low on magic, you restore magic in place of health.
You have an extremely huge brain. (Int +4)
You have razor-sharp toenails.
Your body sometimes deteriorates upon taking damage.
Your flesh is very heat resistant. (rF++)
You are strong-willed. (Will+)
Your natural rate of healing is unusually fast.
You are weak. (Str -2)


Message History

* * * LOW HITPOINT WARNING * * *
The nine-headed hydra bites you. x2
* * * LOW HITPOINT WARNING * * *
The nine-headed hydra bites you.
* * * LOW HITPOINT WARNING * * *
The nine-headed hydra bites you.
* * * LOW HITPOINT WARNING * * *
The nine-headed hydra bites you but does no damage.
The nine-headed hydra bites you!
* * * LOW HITPOINT WARNING * * *
Your hell beast bites the boulder beetle.
Your hell beast tramples the boulder beetle but does no damage.
You block something's attack. Something bites you but does no damage.
The boulder beetle bites you.
* * * LOW HITPOINT WARNING * * *
Unknown command.
Unknown command.
Okay, then.
You feel much better.
Your hell beast bites the boulder beetle.
Your hell beast tramples the boulder beetle!!
The boulder beetle holds its ground!
The nine-headed hydra bites you.
* * * LOW HITPOINT WARNING * * *
The nine-headed hydra barely misses you.
The nine-headed hydra bites you but does no damage.
The nine-headed hydra bites you.
* * * LOW HITPOINT WARNING * * *
The nine-headed hydra bites you.
* * * LOW HITPOINT WARNING * * *
The nine-headed hydra bites you but does no damage.
The nine-headed hydra bites you.
* * * LOW HITPOINT WARNING * * *
The nine-headed hydra bites you!
* * * LOW HITPOINT WARNING * * *
The nine-headed hydra bites you but does no damage.
Your hell beast bites the boulder beetle but does no damage.
Your hell beast completely misses the boulder beetle.
Something hits you but does no damage. Something bites you!
You die...
Xom titters!

##.#.#.#.# +.)# #.##.....
.#.....#.# . '..#.. #.##...##
.........#######..#'+####.######
.####.....................#
#####..............○......#
#......#######..#######...#
#.##.#.#...^.'Cp'.$...#.#.#
###.##.###.....DB{'.....#.#.#
.##.##.# #@2#.....#.# #
....##.### #..#.....#.#
##.......# #..#....!#.#
###...#########.e######
###...#............!.
#.#...##......#####
#.######.....## #.# ####### ..#


You could see an ironbound preserver, a boulder beetle (sheltered, ally target),
a nine-headed hydra (sheltered), a cyclops (sheltered), a deep elf pyromancer
and a friendly hell beast (summoned).

Vanquished Creatures
  A minotaur (Gauntlet)
  Josephine (D:12)
  2 ice dragons (IceCv)
  2 boulder beetles
  8 hydras
  A ghost crab (Gauntlet)
  A rakshasa (D:13)
  5 ogre magi
  Erolcha (D:10)
  A death knight (D:14)
  3 centaur warriors (D:13)
  A hell beast (Lair:6)
  18 two-headed ogres
  A catoblepas (D:13)
  2 tengu warriors (D:14)
  A hell knight (Volcano)
  An orc high priest (Orc:1)
  Sonja (D:11)
  3 skeletal warriors (D:12)
  A wizard (Lair:6)
  A necromancer (Gauntlet)
  An orc sorcerer (Orc:2)
  A cyclops (D:12)
  An orc knight (Orc:1)
  4 ugly things
  A manticore (Lair:4)
  16 elephants
  6 black mambas
  13 cane toads
  3 ice statues
  A guardian serpent (shapeshifter) (D:2)
  A smoke demon (Gauntlet)
  4 orange demons (Lair:6)
  An eye of devastation (Lair:6)
  2 gargoyles
  10 rime drakes
  Maggie (D:7)
  9 komodo dragons
  2 ice devils
  5 trolls
  A hellwing (Lair:6)
  A polar bear (Lair:1)
  A queen bee (Lair:4)
  4 meliai
  Prince Ribbit (D:5)
  17 blink frogs
  44 yaks
  11 wyverns
  9 wraiths
  A vampire (D:11)
  3 basilisks
  Menkaure (D:6)
  6 vampire mosquitoes
  2 wargs
  An acid dragon (D:10)
  Duvessa (Temple)
  A floating eye (Lair:6)
  12 water moccasins
  5 hell hounds (Lair:6)
  18 orc warriors
  A sky beast (D:7)
  17 ice beasts
  2 black bears
  26 ogres
  30 wolves
  16 centaurs
  A phantom (D:4)
  Blork the orc (D:4)
  8 bullfrogs
  2 kobold brigands
  4 gnoll sergeants
  A scorpion (D:7)
  Dowan (Temple)
  34 killer bees
  10 wights
  3 electric eels
  2 howler monkeys
  2 crimson imps (Gauntlet)
  A jelly (D:6)
  3 gnoll shamans
  2 hounds
  14 orc priests
  2 centaur skeletons
  5 bullfrog skeletons
  Jessica (D:2)
  12 iguanas
  17 orc wizards
  2 killer bee zombies
  2 hound skeletons
  Robin (D:1)
  2 howler monkey zombies
  A howler monkey skeleton (D:5)
  15 gnolls
  7 adders
  A river rat (Lair:4)
  A shadow imp (D:8)
  A white imp (D:6)
  3 ufetubi
  2 worms
  A dart slug (D:5)
  77 orcs
  11 ball pythons
  8 endoplasms
  4 giant cockroaches
  20 goblins
  7 hobgoblins
  10 jackals
  7 quokkas (D:1)
  5 bats
  14 frilled lizards
  15 kobolds
  A quokka skeleton (D:4)
  3 rats
  A bush (Temple)
718 creatures vanquished.

Vanquished Creatures (collateral kills)
  3 hydras
  A rime drake (Lair:2)
  A tengu conjurer (D:13)
  2 komodo dragons
  An ice devil (Lair:4)
  A blink frog (Lair:5)
  2 yaks
  A wraith (D:10)
  A swamp worm (Lair:2)
  An orc warrior (D:8)
  An ogre (D:6)
  4 wolves (Lair:3)
  A gnoll sergeant (D:5)
  A scorpion (D:5)
  A killer bee (Lair:4)
  A wight (D:6)
  An electric eel (D:10)
  A bullfrog zombie (D:6)
  2 iguanas
  An orc wizard (D:8)
  A white imp (D:6)
  A dart slug (D:5)
  3 orcs (D:8)
33 creatures vanquished.

Vanquished Creatures (others)
  A bush (Lair:3)
  22 fungi
  43 plants
66 creatures vanquished.

Grand Total: 817 creatures vanquished

Notes
Turn   | Place    | Note
-------+----------+-------------------------------------------
     0 | D:1      | Froggeryz the Demonspawn Chaos Knight began the quest for
                  | the Orb.
     0 | D:1      | Reached XP level 1. HP: 18/18 MP: 1/1
   156 | D:1      | Reached skill level 3 in Axes
   331 | D:1      | XOM: potion effect (curing)
   339 | D:1      | Gained mutation: You regenerate magic rapidly. [demonic
                  | ancestry]
   339 | D:1      | Reached XP level 2. HP: 20/24 MP: 2/2
   675 | D:1      | XOM: 2-stop teleportation journey
   840 | D:1      | XOM: give mutations
   840 | D:1      | Gained mutation: Your mind is acute. (Int +2) [Xom's grace]
   840 | D:1      | Gained mutation: You have sharp toenails. [Xom's grace]
   840 | D:1      | Gained mutation: Your flesh is cold resistant. (rC+) [Xom's
                  | grace]
   840 | D:1      | Gained mutation: Your muscles are strong. (Str +2) [Xom's
                  | grace]
   871 | D:1      | XOM: god gift: 856 gold pieces
   906 | D:1      | Reached XP level 3. HP: 23/29 MP: 3/3
  1371 | D:2      | Reached skill level 4 in Axes
  1464 | D:2      | Noticed a shapeshifter
  1464 | D:2      | a bat changed into a shapeshifter
  1464 | D:2      | Noticed a guardian serpent
  1464 | D:2      | a shapeshifter changed into a guardian serpent
  1465 | D:2      | XOM: butterfly on damage
  1466 | D:2      | XOM: butterfly on damage
  1469 | D:2      | XOM: enchant monster (good)
  1473 | D:2      | Killed a guardian serpent
  1474 | D:2      | Reached skill level 6 in Axes
  1474 | D:2      | Reached XP level 4. HP: 27/35 MP: 4/4
  1474 | D:2      | Reached XP level 5. HP: 32/41 MP: 5/5
  1474 | D:2      | Gained mutation: When hurt, damage is shared between your
                  | health and your magic reserves. [demonic ancestry]
  1474 | D:2      | Reached XP level 6. HP: 37/47 MP: 6/6
  1480 | D:2      | XOM: scenery: 3 doors open, 1 doors close
  1534 | D:2      | Noticed Robin
  1734 | D:1      | Killed Robin
  1924 | D:2      | XOM: 1-stop teleportation journey
  2145 | D:2      | Noticed Jessica
  2152 | D:2      | Killed Jessica
  2278 | D:2      | Found a faded altar of an unknown god.
  2446 | D:3      | Reached skill level 7 in Axes
  2953 | D:3      | Found Deargh's Weapon Emporium.
  3200 | D:3      | XOM: god gift: 32 gold pieces
  3533 | D:4      | Gained mutation: You have an unusually large brain. (Int
                  | +2) [demonic ancestry]
  3533 | D:4      | Reached XP level 7. HP: 51/52 MP: 7/7
  3876 | D:4      | XOM: scenery: 2 doors open, 2 doors close
  4265 | D:4      | XOM: scenery: 1 doors open, 1 doors close
  4268 | D:4      | Noticed Blork the orc
  4282 | D:4      | Killed Blork the orc
  4400 | D:4      | Reached skill level 8 in Axes
  4562 | D:4      | XOM: scenery: 3 doors open, 1 doors close
  4654 | D:5      | Entered Level 5 of the Dungeon
  4654 | D:5      | Noticed Prince Ribbit
  4691 | D:5      | XOM: scenery: create altars
  5403 | D:5      | Reached XP level 8. HP: 58/60 MP: 8/8
  5416 | D:5      | XOM: cloud trail
  5526 | D:5      | XOM: summons 7 friendly demons
  5556 | D:5      | XOM: scenery: summon butterflies
  6033 | D:5      | Killed Prince Ribbit
  6034 | D:5      | Reached skill level 9 in Axes
  6268 | D:4      | Identified the +0 storm dragon scales of Immorality {rElec
                  | Will+ Str+8} (Xom gifted it to you on level 4 of the
                  | Dungeon)
  6268 | D:4      | XOM: god gift: +0 storm dragon scales of Immorality {rElec
                  | Will+ Str+8}
  6425 | D:4      | Reached skill level 5 in Fighting
  6619 | D:5      | XOM: summons 8 friendly demons
  6849 | D:6      | XOM: scenery: summon butterflies
  6873 | D:6      | XOM: confuse monster(s)
  6918 | D:6      | Identified the +1 dagger "Vyudic" {pain, rC+ Int-4 Dex+2}
  6934 | D:6      | Noticed Menkaure
  6942 | D:6      | Killed Menkaure
  7013 | D:6      | XOM: cleaving
  7017 | D:6      | Gained mutation: A weak demonic guardian rushes to your
                  | aid. [demonic ancestry]
  7017 | D:6      | Reached XP level 9. HP: 60/68 MP: 9/9
  7051 | D:5      | XOM: give mutations
  7051 | D:5      | Gained mutation: You have razor-sharp toenails. [Xom's
                  | grace]
  7051 | D:5      | Gained mutation: Your flesh is heat resistant. (rF+) [Xom's
                  | grace]
  7051 | D:5      | Gained mutation: You are robust. (+10% HP) [Xom's grace]
  7092 | D:6      | Reached skill level 10 in Axes
  7110 | D:5      | XOM: give mutations
  7110 | D:5      | Gained mutation: You possess an exceptional clarity of
                  | mind. [Xom's grace]
  7110 | D:5      | Gained mutation: Your natural rate of healing is unusually
                  | fast. [Xom's grace]
  7110 | D:5      | Gained mutation: Your flesh is very heat resistant. (rF++)
                  | [Xom's grace]
  7189 | D:5      | XOM: cast spell 'Chain of Chaos'
  7481 | D:6      | XOM: god gift: 10 bolts
  7868 | D:7      | Found a staircase to the Ecumenical Temple.
  7870 | D:7      | Noticed Duvessa
  7871 | D:7      | Noticed Dowan
  7875 | Temple   | Entered the Ecumenical Temple
  7890 | Temple   | Killed Dowan
  7896 | Temple   | Killed Duvessa
  7936 | Temple   | XOM: scenery: 1 doors open
  7954 | Temple   | Fell from the grace of Xom
  7954 | Temple   | Became a worshipper of Warmaster Okawaru
  8045 | D:7      | Reached skill level 11 in Axes
  8278 | D:7      | Noticed Maggie
  8316 | D:7      | Killed Maggie
  8316 | D:7      | Reached * piety under Okawaru
  8317 | D:7      | Gained mutation: A demonic guardian rushes to your aid.
                  | [demonic ancestry]
  8317 | D:7      | Reached XP level 10. HP: 60/86 MP: 6/10
  8490 | D:8      | Reached skill level 1 in Shields
  8499 | D:8      | XOM: noise
  8732 | D:8      | XOM: summons 1 hostile demon
  9212 | D:9      | XOM: noise
  9212 | D:9      | Found a staircase to the Orcish Mines.
  9227 | D:9      | Reached skill level 12 in Axes
  9228 | D:9      | XOM: polymorph orc -> endoplasm
  9301 | D:9      | Reached ** piety under Okawaru
  9314 | D:9      | XOM: give mutation
  9314 | D:9      | Gained mutation: You sometimes lose the ability to read
                  | scrolls when taking damage. [Xom's mischief]
  9442 | D:9      | Noticed an angel
  9902 | D:9      | XOM: 2-stop teleportation journey
 10021 | D:10     | Entered Level 10 of the Dungeon
 10033 | D:10     | XOM: stat loss: -3 Int (14/17)
 10121 | D:10     | Reached *** piety under Okawaru
 10252 | D:10     | Noticed a gargoyle
 10272 | D:10     | Killed a gargoyle
 10562 | D:10     | Noticed Erolcha
 10570 | D:10     | Killed Erolcha
 10570 | D:10     | Reached **** piety under Okawaru
 10571 | D:10     | Reached skill level 13 in Axes
 10623 | D:10     | Identified the +7 lajatang of Collusion {protect, Int+2}
 10634 | D:10     | Reached XP level 11. HP: 55/92 MP: 4/11
 10665 | D:10     | XOM: silly message
 10760 | D:10     | XOM: silly message
 10847 | D:11     | Reached skill level 5 in Shields
 10859 | D:11     | Noticed a two-headed ogre
 10871 | D:11     | Killed a two-headed ogre
 10892 | D:11     | Noticed Sonja
 10893 | D:11     | Noticed a five-headed hydra
 10921 | D:11     | Found a flagged portal.
 10930 | Bailey   | Entered a bailey
 10930 | Bailey   | Noticed an orc knight
 10941 | D:11     | XOM: enchant monster (bad)
 10962 | D:11     | XOM: noise
 10973 | D:11     | Lost mutation: You possess an exceptional clarity of mind.
                  | [potion of mutation]
 10973 | D:11     | Lost mutation: You are robust. (+10% HP) [potion of
                  | mutation]
 10973 | D:11     | Lost mutation: Your mind is acute. (Int +2) [potion of
                  | mutation]
 10973 | D:11     | Lost mutation: Your flesh is cold resistant. (rC+) [potion
                  | of mutation]
 10974 | D:11     | Lost mutation: Your muscles are strong. (Str +2) [potion of
                  | mutation]
 10974 | D:11     | Gained mutation: Your magical capacity is low. (-10% MP)
                  | [potion of mutation]
 10974 | D:11     | Gained mutation: You are strong-willed. (Will+) [potion of
                  | mutation]
 11035 | D:11     | Killed Sonja
 11035 | D:11     | Reached ***** piety under Okawaru
 11428 | D:11     | Noticed a two-headed ogre
 11437 | D:11     | Killed a two-headed ogre
 11438 | D:11     | Reached skill level 14 in Axes
 11613 | D:11     | Found a staircase to the Lair.
 11777 | D:11     | XOM: stat loss: -1 Dex (12/13)
 11784 | Lair:1   | Entered Level 1 of the Lair of Beasts
 12062 | Lair:1   | Found a dark tunnel.
 12092 | Volcano  | Entered a volcano
 12115 | Volcano  | Noticed a two-headed ogre
 12122 | Volcano  | Killed a two-headed ogre
 12122 | Volcano  | Received a gift from Okawaru
 12123 | Volcano  | Found the +8 Wrath of Trog {antimagic, *Rage}
 12142 | Volcano  | Noticed a two-headed ogre
 12154 | Volcano  | Killed a two-headed ogre
 12178 | Volcano  | XOM: summons 4 hostile shadow creatures
 12256 | Volcano  | Noticed a two-headed ogre
 12256 | Volcano  | Noticed a two-headed ogre
 12265 | Volcano  | Killed a two-headed ogre
 12266 | Volcano  | Gained mutation: You have an extremely huge brain. (Int +4)
                  | [demonic ancestry]
 12266 | Volcano  | Reached XP level 12. HP: 89/91 MP: 7/10
 12271 | Volcano  | Killed a two-headed ogre
 12276 | Volcano  | Noticed an ogre mage
 12282 | Volcano  | Killed an ogre mage
 12283 | Volcano  | Reached skill level 5 in Armour
 12315 | Volcano  | Noticed a two-headed ogre
 12328 | Volcano  | Reached skill level 15 in Axes
 12333 | Volcano  | Killed a two-headed ogre
 12539 | Lair:1   | XOM: summons 4 hostile shadow creatures
 12812 | Lair:2   | Identified the Guide on the Entourage and Black Magic
 12928 | Lair:2   | Received a gift from Okawaru
 13067 | Lair:2   | Noticed a five-headed hydra
 13074 | Lair:2   | Killed a one-headed hydra
 13284 | Lair:2   | Noticed a seven-headed hydra
 13325 | Lair:2   | Killed a three-headed hydra
 13558 | Lair:2   | Noticed a six-headed hydra
 13569 | Lair:2   | Killed a one-headed hydra
 13569 | Lair:2   | Reached ****** piety under Okawaru
 13593 | Lair:2   | XOM: give mutations
 13593 | Lair:2   | Lost mutation: You sometimes lose the ability to read
                  | scrolls when taking damage. [Xom's mischief]
 13593 | Lair:2   | Gained mutation: You are weak. (Str -2) [Xom's mischief]
 13593 | Lair:2   | Gained mutation: Your body sometimes deteriorates upon
                  | taking damage. [Xom's mischief]
 13593 | Lair:2   | Lost mutation: Your magical capacity is low. (-10% MP)
                  | [Xom's mischief]
 13623 | Lair:2   | Found a staircase to the Swamp.
 13663 | Lair:3   | Found a hole to the Spider Nest.
 13723 | Lair:3   | Reached skill level 16 in Axes
 13743 | Lair:3   | XOM: summons 14 hostile demons
 13813 | Lair:3   | Gained mutation: When low on magic, you restore magic in
                  | place of health. [demonic ancestry]
 13813 | Lair:3   | Reached XP level 13. HP: 96/96 MP: 13/13
 14110 | Lair:3   | XOM: torment (55/96 hp)
 14214 | Lair:3   | Identified the +4 hand axe of Light {venom, +Rage Str+4
                  | Dex+3 Stlth+} (Okawaru gifted it to you on level 3 of the
                  | Lair of Beasts)
 14214 | Lair:3   | Received a gift from Okawaru
 14503 | Lair:3   | Identified the Incunabulum of the Blacksmith
 14508 | Lair:3   | Learned a level 2 spell: Blink
 14759 | Lair:4   | Reached skill level 17 in Axes
 14802 | Lair:4   | Found a frozen archway.
 14821 | IceCv    | Entered an ice cave
 14994 | IceCv    | XOM: stat loss: -3 Dex (10/14)
 15008 | IceCv    | Identified the +6 war axe of Buuwn {protect, rF++ rC- Int+4
                  | SInv} (Okawaru gifted it to you in an ice cave)
 15008 | IceCv    | Received a gift from Okawaru
 15280 | IceCv    | Identified the amulet "Zymur" {Reflect rF+ rC+ Regen+ SH+5}
 15731 | Lair:4   | XOM: summons 3 hostile shadow creatures
 15731 | Lair:4   | Was forgiven by Xom
 16029 | Lair:4   | Identified the +6 broad axe of Onkatrag {protect, rPois
                  | rCorr Int-2 Stlth-} (Okawaru gifted it to you on level 4 of
                  | the Lair of Beasts)
 16029 | Lair:4   | Received a gift from Okawaru
 16332 | Lair:4   | Gained mutation: A powerful demonic guardian rushes to your
                  | aid. [demonic ancestry]
 16332 | Lair:4   | Reached XP level 14. HP: 100/104 MP: 12/14
 16906 | Lair:5   | Identified the +7 great sword "Nearoh" {pain, rElec rPois
                  | Str-3 Int+3} (Okawaru gifted it to you on level 5 of the
                  | Lair of Beasts)
 16906 | Lair:5   | Received a gift from Okawaru
 16915 | Lair:5   | Reached skill level 18 in Axes
 17702 | Lair:6   | Entered Level 6 of the Lair of Beasts
 17778 | Lair:6   | Found a staircase to the Slime Pits.
 17778 | Lair:6   | Paralysed by a floating eye for 2 turns
 18395 | Lair:6   | Found a burning altar of Makhleb.
 18415 | Lair:6   | Reached skill level 10 in Fighting
 18480 | Lair:6   | Found a gateway to Hell.
 18866 | Orc:1    | Entered Level 1 of the Orcish Mines
 19084 | Orc:1    | Received a gift from Okawaru
 19177 | Orc:1    | Reached skill level 1 in Invocations
 19337 | Orc:2    | Entered Level 2 of the Orcish Mines
 19662 | Orc:2    | Found a staircase to the Elven Halls.
 19720 | Orc:2    | Reached skill level 5 in Invocations
 19745 | Orc:2    | Gained mutation: You have a pair of small horns on your
                  | head. [demonic ancestry]
 19745 | Orc:2    | Reached XP level 15. HP: 69/116 MP: 15/20
 19757 | Orc:2    | Identified the +0 chain mail of Immorality {Contam rElec
                  | rPois rC+} (Okawaru gifted it to you on level 2 of the
                  | Orcish Mines)
 19757 | Orc:2    | Received a gift from Okawaru
 19824 | Orc:2    | Found Cobuc's Armour Shop.
 19824 | Orc:2    | Found Vyelock's Distillery.
 19824 | Orc:2    | Found Hisch's General Store.
 19824 | Orc:2    | Found Doupt's Antique Weapon Shop.
 19831 | Orc:2    | Bought a potion of might for 60 gold pieces
 19831 | Orc:2    | Bought 2 potions of might for 120 gold pieces
 19831 | Orc:2    | Bought a potion of heal wounds for 75 gold pieces
 19831 | Orc:2    | Bought a potion of haste for 150 gold pieces
 19831 | Orc:2    | Bought a potion of berserk rage for 75 gold pieces
 19831 | Orc:2    | Bought a potion of curing for 45 gold pieces
 19831 | Orc:2    | Bought a potion of flight for 45 gold pieces
 19831 | Orc:2    | Bought a potion of degeneration for 15 gold pieces
 19836 | Orc:2    | Bought a scroll of teleportation for 48 gold pieces
 19836 | Orc:2    | Bought a potion of heal wounds for 80 gold pieces
 19836 | Orc:2    | Bought a potion of curing for 48 gold pieces
 19836 | Orc:2    | Bought a wand of acid (8) for 384 gold pieces
 20557 | D:12     | Reached skill level 10 in Invocations
 20580 | D:12     | You fall into a shaft and drop 3 floors!
 20580 | D:15     | Entered Level 15 of the Dungeon
 20580 | D:15     | Found a gate leading to a gauntlet.
 20601 | Gauntlet | Entered a Gauntlet
 20601 | Gauntlet | Found a transporter.
 20601 | Gauntlet | Found a transporter.
 20606 | Gauntlet | Found a transporter.
 20607 | Gauntlet | Found a transporter.
 20607 | Gauntlet | Found a transporter.
 20607 | Gauntlet | Found a transporter.
 20620 | Gauntlet | Found a runed translucent door.
 20631 | Gauntlet | Found a runed translucent gate.
 20631 | Gauntlet | Found a runed translucent gate.
 20631 | Gauntlet | Found a runed translucent gate.
 20633 | Gauntlet | Found a transporter.
 20637 | Gauntlet | Found a transporter.
 20649 | Gauntlet | Found a transporter.
 20664 | Gauntlet | Found a transporter.
 20682 | Gauntlet | Found a transporter.
 20683 | Gauntlet | Found a transporter.
 20839 | Gauntlet | Identified the +0 helmet of Jeushrek {Int+3}
 21235 | D:13     | Identified the ring of Psychosis {rC+ rCorr Int+6}
 21248 | D:13     | Identified the ring of Ozaskimu {rF+ Dex+3 Slay-3 Stlth+}
 21899 | D:12     | Noticed Josephine
 21911 | D:12     | Killed Josephine
 21911 | D:12     | Received a gift from Okawaru
 22426 | D:13     | HP: 4/116 [boulder beetle (3)]
 22427 | D:13     | Mangled by a vampire

Illustrated notes

Levels and vault maps discovered:
D:1:      lordsloth_arrival_two_stooges, layout_loops_corners, minmay_3d_cube
D:2:      layout_basic, basic_ecumenical_altar, uniq_robin, uniq_jessica
D:3:      layout_basic, serial_shops, shop
D:4:      layout_gridville, corexii_item_surrounded_by_moat, uniq_blork_the_orc
D:5:      layout_cave_pools, serial_gnoll_camp, gnoll_camp_mini_sergeant,
          gnoll_camp_mini_hut, gnoll_camp_mini_hut, gnoll_camp_medium_02,
          gnoll_camp_mini_hut, minivault_5, uniq_prince_ribbit1
D:6:      layout_rooms, uniq_menkaure
D:7:      layout_basic, minmay_temple_entry_statues_pillars,
          amcnicky_mini_pool_small, uniq_duvessa, uniq_maggie
D:8:      layout_basic
D:9:      layout_loops_ring, zin_angel, david_orc_2, sword_in_stone
D:10:     layout_roguey, serial_bayou_lagoon_b, uniq_erolcha
D:11:     layout_basic, minmay_lair_entry_grove, enter_bailey_5, uniq_sonja
D:12:     layout_gridville, uniq_josephine
D:13:     layout_loops_cross, skrybe_vaults_entry_preservation, serial_shops,
          nicolae_shop_behind_doors, minivault_15
D:14:     kennysheep_six_static_rooms, layout_irregular_city
D:15:     grunt_enter_depths_hoard, layout_stronghold, gauntlet_entry_generic,
          minmay_misc_feat_diagonals, st_stairs_14
Temple:   kilobyte_greek_temple
Lair:1:   layout_gridlike, enter_volcano_2
Lair:2:   layout_regular_city, palyth_hydra_swamp_entry, lemuel_fruit_tree
Lair:3:   lemuel_reptile_caves, layout_misc_corridors, dummy_spider_entry,
          minivault_23, chequers_serial_rivers_large_b,
          grunt_forest_large_clearings
Lair:4:   regret_index_tunnel_blossom, layout_cave_pods,
          portal_ice_cave_demonic_guard, chequers_serial_rivers_micro_b,
          st_stairs_12
Lair:5:   layout_cave_pods, chequers_serial_rivers_large_a,
          grunt_forest_small_clearing_treed
Lair:6:   evil_forest, layout_long_grid, minmay_slime_entry_eyes,
          infiniplex_staircase_pool
Orc:1:    layout_caves
Orc:2:    st_orc_ogre_mass, layout_diamond_mine

Skill      XL: |  1  2  3  4  5  6  7  8  9 10 11 12 13 14 15 |
---------------+----------------------------------------------+-----
Axes           | 3 6 7 8 9 11 13 14 16 17 18 | 18.1
Armour         | 2 3 4 7 9 |  9.6
Fighting       | 5 7 10 | 10.3
Shields        | 4 6 8 9 |  9.3
Invocations    | 6 12 | 12.2
Dodging        | |  0.8

Action                   |  1- 3 |  4- 6 |  7- 9 | 10-12 | 13-15 || total
-------------------------+-------+-------+-------+-------+-------++-------
Melee: Hand axe          |    98 |   110 |   353 |       |       ||   561
       Kick              |     9 |    29 |   133 |   184 |   448 ||   803
       War axe           |       |       |    85 |   533 |   451 ||  1069
       Demon blade       |       |       |       |    21 |    37 ||    58
       Broad axe         |       |       |       |       |   792 ||   792
       Headbutt          |       |       |       |       |    87 ||    87
Throw: Dart              |       |       |     6 |     2 |       ||     8
Invok: Heroism           |       |       |       |     4 |     1 ||     5
       Finesse           |       |       |       |     1 |       ||     1
Evoke: Wand              |       |       |     2 |     9 |     3 ||    14
  Use: Scroll            |     2 |     4 |     6 |     8 |     6 ||    26
       Potion            |     2 |       |       |     3 |     6 ||    11
 Stab: Paralysed         |       |     1 |       |     1 |       ||     2
       Sleeping          |       |     1 |       |       |       ||     1
       Petrified         |       |       |     3 |       |       ||     3
       Confused          |       |       |     3 |       |       ||     3
       Distracted        |       |       |       |     3 |       ||     3
Armor: Leather armour    |    32 |    27 |       |       |       ||    59
       Scale mail        |       |    19 |   116 |   116 |       ||   251
       Storm dragon scal |       |       |       |   140 |   670 ||   810
Dodge: Dodged            |    64 |    57 |   177 |   215 |   382 ||   895
Block: Other             |       |       |    21 |    32 |       ||    53
       Reflection        |       |       |     2 |    17 |    11 ||    30
       Buckler           |       |       |       |   246 |   622 ||   868
       Rpst.: Demon blade |       |       |       |       |     5 ||     5

Table legend: (Time is in decaauts)
 A = Elapsed time spent in this place.
 B = Non-inter-level travel time spent in this place.
 C = Inter-level travel time spent in this place.
 D = Time resting spent in this place.
 E = Time spent auto-exploring this place.
 F = Levels seen in this place.
 G = Mean time per level.
                   A        B        C        D        E       F      G
               +--------+--------+--------+--------+--------+-----+--------+
         Total |  22027 |  21202 |    825 |   1900 |  14588 |  28 |  786.7 |
       Dungeon |  13359 |  12846 |    513 |   1493 |   8918 |  15 |  890.6 |
        Temple |    114 |     73 |     41 |      0 |      0 |   1 |  114.0 |
          Lair |   5851 |   5664 |    187 |    245 |   4223 |   6 |  975.2 |
  Orcish Mines |   1492 |   1408 |     84 |      0 |   1067 |   2 |  746.0 |
        Bailey |      6 |      6 |      0 |      0 |      0 |   1 |    6.0 |
      Ice Cave |    662 |    662 |      0 |    102 |    360 |   1 |  662.0 |
       Volcano |    263 |    263 |      0 |     60 |     20 |   1 |  263.0 |
      Gauntlet |    276 |    276 |      0 |      0 |      0 |   1 |  276.0 |
               +--------+--------+--------+--------+--------+-----+--------+

Top non-repeatable levels by time:
     D:4: 2101 daAuts
     D:1: 1637 daAuts
     D:5: 1396 daAuts
  Lair:4: 1361 daAuts
  Lair:3: 1069 daAuts
     D:3: 1049 daAuts
   Orc:2: 1032 daAuts
    D:11: 1011 daAuts
  Lair:6: 997 daAuts
  Lair:2: 955 daAuts
    D:12: 914 daAuts
     D:9: 881 daAuts
    D:10: 847 daAuts
  Lair:5: 832 daAuts
     D:2: 811 daAuts
